Map: Thunderbird LE

Players

Stats - Winner!

  • Race: Protoss Protoss
  • Spawn Location: 11:00

Neeb

  • Race: Protoss Protoss
  • League: Master
  • Spawn Location: 5:00

Event: NationWars 2019

VOD

Have the link to the VOD?

Description

Time

  • Played on: Nov. 12, 2019, 3:59 p.m.
  • Length: 12:03

All games in this series

Show
View Real Time Build Order
Export as new Build Order

Stats Protoss - Winner!

Build Orders: Phoenix Opening, Archon Immortal 

Get SALT Encoding   

  12  0:01  Probe  
  13  0:13  Probe  
  14  0:18  Pylon  
  14  0:25  Probe (Chrono Boost)  
  15  0:37  Probe (Chrono Boost), Gateway  
  16  0:45  Probe (Chrono Boost)  
  16  0:46  Assimilator  
  17  0:52  Probe  
  17  0:54  Assimilator  
  18  1:04  Probe (Chrono Boost)  
  19  1:07  Gateway  
  19  1:14  Probe (Chrono Boost)  
  20  1:19  Probe (Chrono Boost)  
  20  1:24  Cybernetics Core  
  21  1:30  Probe  
  22  1:33  Pylon  
  22  1:42  Probe  
  23  1:54  Probe  
  23  2:00  Stalker  
  23  2:01  Sentry  
  28  2:02  Warp Gate  
  28  2:06  Probe  
  29  2:12  Pylon  
  29  2:27  Stalker  
  31  2:30  Stalker  
  31  2:34  Phoenix  
  33  2:52  Probe  
  33  2:53  Nexus  
  34  3:01  Sentry x2  
  38  3:06  Pylon  
  38  3:08  Probe  
  39  3:20  Forge  
  39  3:24  Probe (Chrono Boost)  
  40  3:33  Probe (Chrono Boost)  
  41  3:34  Phoenix  
  41  3:38  Probe (Chrono Boost)  
  42  3:42  Twilight Council  
  42  3:49  Protoss Ground Weapons Level 1 (Chrono Boost)  
  42  3:50  Probe (Chrono Boost)  
  43  4:00  Probe (Chrono Boost)  
  43  4:01  Pylon  
  44  4:08  Probe x2 (Chrono Boost)  
  48  4:17  Probe (Chrono Boost)  
  48  4:19  Blink, Probe (Chrono Boost)  
  48  4:22  Probe (Chrono Boost)  
  48  4:26  Assimilator  
  48  4:27  Assimilator  
  48  4:28  Probe  
  50  4:31  Shield Battery  
  50  4:34  Phoenix, Probe  
  50  4:37  Stalker x2  
  55  4:43  Probe  
  56  4:46  Probe  
  57  4:54  Pylon  
  57  4:55  Probe  
  57  4:59  Probe  
  59  5:07  Probe  
  59  5:11  Probe  
  61  5:14  Nexus  
  61  5:19  Pylon  
  61  5:20  Phoenix  
  61  5:21  Probe  
  62  5:23  Probe  
  62  5:26  Robotics Facility  
  63  5:29  Gateway  
  63  5:31  Adept x2, Gateway  
  66  5:41  Probe x2  
  66  5:42  Phoenix  
  67  5:44  Protoss Ground Weapons Level 2 (Chrono Boost)  
  67  5:53  Probe x2  
  69  6:06  Probe x2  
  71  6:11  Gateway x2  
  71  6:12  Gateway  
  71  6:14  Observer  
  71  6:16  Gateway  
  71  6:17  Templar Archives  
  72  6:20  Charge, Probe x2  
  74  6:27  Probe  
  74  6:29  Phoenix  
  74  6:32  Probe x2  
  77  6:36  Immortal  
  81  6:40  Probe  
  81  6:44  Pylon, Probe x2  
  84  6:47  Pylon, Assimilator  
  84  6:50  Assimilator  
  84  6:52  Probe  
  85  6:58  High Templar x3  
  85  6:59  High Templar  
  85  7:00  Phoenix  
  85  7:01  Probe x2  
  95  7:03  Pylon  
  95  7:04  Probe  
  95  7:05  Pylon  
  95  7:07  Archon x2  
  96  7:09  Pylon  
  96  7:13  Probe x2  
  96  7:14  Zealot x3  
  104  7:15  Zealot  
  104  7:17  Probe  
  104  7:19  Immortal (Chrono Boost)  
  104  7:21  Shield Battery x2  
  111  7:34  Pylon x2  
  111  7:35  High Templar x2  
  115  7:37  Protoss Ground Weapons Level 3 (Chrono Boost)  
  115  7:39  Archon  
  115  7:47  Zealot x6  
  127  7:56  Immortal (Chrono Boost)  
  127  8:01  Phoenix  
  131  8:14  Nexus, High Templar x2  
  131  8:16  Pylon  
  135  8:20  High Templar x2  
  135  8:21  Archon  
  139  8:27  Archon  
  139  8:28  Zealot x4  
  147  8:36  Immortal  
  147  8:37  Shield Battery  
  147  8:38  Shield Battery  
  151  8:50  Pylon  
  151  8:51  Pylon  
  151  8:53  Pylon  
  151  8:55  Pylon  
  151  8:56  Pylon  
  151  9:01  High Templar x4  
  159  9:05  Archon x2  
  159  9:10  Zealot x3  
  159  9:11  Zealot  
  159  9:15  Photon Cannon  
  167  9:18  Photon Cannon  
  167  9:23  Warp Prism (Chrono Boost)  
  169  9:33  High Templar x3  
  169  9:34  Zealot x5  
  169  9:37  Gateway  
  185  9:38  Gateway  
  185  9:41  Archon  
  184  9:57  High Templar x3  
  184  9:59  Zealot x2  
  194  10:01  Archon x2  
  194  10:12  Zealot  
  196  10:16  Warp Prism (Chrono Boost)  
  196  10:31  Robotics Facility  
  194  10:35  Pylon  
  194  10:39  Stalker  
  196  10:49  Phoenix  
  177  10:57  High Templar x4  
  177  10:58  Zealot x5  
  177  11:01  Archon x2  
  195  11:06  Immortal  
  199  11:16  Nexus  
  199  11:18  Pylon  
  197  11:29  Zealot x2  
  197  11:30  Zealot x4  
  183  11:36  Zealot x2  
  183  11:37  Zealot x2  
  135  11:56  Zealot x4  
  139  11:57  Zealot x4  
Show
View Real Time Build Order
Export as new Build Order

Neeb Protoss 

Build Orders: Phoenix Opening, Archon Immortal 

Get SALT Encoding   

  12  0:00  Probe  
  13  0:12  Probe  
  14  0:17  Pylon  
  14  0:25  Probe (Chrono Boost)  
  15  0:37  Probe (Chrono Boost), Gateway  
  16  0:45  Probe (Chrono Boost)  
  16  0:46  Assimilator  
  17  0:51  Probe  
  17  0:54  Assimilator  
  18  1:03  Probe (Chrono Boost)  
  19  1:06  Gateway  
  19  1:12  Probe (Chrono Boost)  
  19  1:17  Probe (Chrono Boost)  
  20  1:24  Cybernetics Core  
  21  1:29  Probe  
  22  1:33  Pylon  
  22  1:41  Probe  
  23  1:53  Probe  
  24  2:00  Warp Gate  
  26  2:01  Sentry  
  26  2:03  Stalker  
  26  2:06  Probe  
  29  2:11  Pylon  
  30  2:22  Probe  
  30  2:34  Phoenix  
  30  2:35  Nexus  
  30  2:42  Sentry  
  32  2:46  Stalker  
  32  2:50  Probe  
  35  2:56  Shield Battery  
  35  3:02  Probe (Chrono Boost)  
  36  3:09  Pylon  
  36  3:14  Probe (Chrono Boost)  
  37  3:20  Forge  
  37  3:22  Probe (Chrono Boost)  
  38  3:28  Probe  
  39  3:40  Probe  
  40  3:44  Twilight Council  
  40  3:48  Probe (Chrono Boost)  
  41  3:49  Adept x2  
  41  3:54  Probe (Chrono Boost)  
  46  3:57  Protoss Ground Weapons Level 1 (Chrono Boost)  
  46  4:00  Probe (Chrono Boost)  
  47  4:05  Probe (Chrono Boost)  
  47  4:09  Probe (Chrono Boost)  
  49  4:11  Probe (Chrono Boost)  
  49  4:15  Probe (Chrono Boost)  
  49  4:16  Assimilator  
  51  4:18  Assimilator  
  51  4:19  Probe  
  51  4:22  Blink  
  52  4:26  Probe  
  52  4:28  Stalker  
  52  4:31  Probe  
  56  4:38  Pylon  
  56  4:40  Probe  
  56  4:43  Probe  
  56  4:45  Robotics Facility  
  58  4:53  Stalker, Probe  
  58  4:58  Gateway  
  61  5:01  Gateway  
  61  5:06  Probe  
  62  5:17  Nexus  
  62  5:25  Pylon  
  62  5:27  Probe x2  
  64  5:38  Immortal  
  64  5:39  Probe x2  
  64  5:42  Stalker  
  68  5:46  Pylon  
  68  5:51  Protoss Ground Weapons Level 2 (Chrono Boost), Probe x2  
  68  5:53  Stalker  
  68  5:54  Stalker  
  74  6:03  Probe  
  75  6:08  Probe  
  76  6:15  Probe  
  76  6:17  Immortal  
  81  6:20  Gateway  
  81  6:22  Gateway  
  81  6:23  Probe  
  82  6:28  Probe  
  82  6:29  Probe  
  84  6:34  Gateway  
  84  6:35  Gateway  
  84  6:37  Charge  
  84  6:41  Templar Archives  
  84  6:46  Probe x2  
  86  6:48  Pylon  
  86  6:57  Zealot x3  
  86  7:00  Pylon  
  92  7:08  Nexus  
  92  7:12  Gateway  
  92  7:16  Probe x3  
  92  7:18  High Templar x5  
  92  7:20  High Templar  
  107  7:24  Archon x2  
  107  7:25  Archon  
  107  7:28  Probe x3  
  110  7:34  Gateway  
  110  7:36  Observer, Gateway  
  111  7:40  Probe  
  112  7:44  Pylon  
  112  7:45  Pylon  
  112  7:46  Protoss Ground Armor Level 1 (Chrono Boost), Zealot x2  
  116  7:51  Photon Cannon  
  116  7:59  Warp Prism (Chrono Boost)  
  116  8:00  Pylon  
  116  8:02  Photon Cannon x2  
  118  8:08  High Templar x2  
  122  8:13  Zealot x4  
  122  8:14  Archon  
  130  8:20  Zealot x2  
  130  8:26  High Templar  
  136  8:29  Pylon, High Templar  
  136  8:33  Pylon  
  138  8:34  Archon  
  138  8:36  Zealot x5  
  148  8:42  Zealot x4  
  156  8:49  Pylon  
  156  8:51  Pylon  
  156  8:58  High Templar x2  
  156  9:01  Zealot x3  
  156  9:02  Archon, Zealot x2  
  170  9:04  Zealot  
  170  9:09  Pylon  
  172  9:11  Photon Cannon  
  172  9:15  Pylon  
  172  9:21  Protoss Ground Weapons Level 3 (Chrono Boost)  
  170  9:25  Assimilator x2  
  170  9:27  Assimilator x2, Immortal  
  174  9:43  Robotics Facility  
  174  9:44  Robotics Bay  
  174  9:56  Immortal, Zealot x3  
  174  9:57  Zealot x6  
  192  10:03  Photon Cannon  
  192  10:05  Shield Battery  
  196  10:09  Gateway  
  196  10:12  Robotics Facility  
  188  10:35  Stalker  
  188  10:36  Stalker x2, Zealot x2  
  188  10:38  Disruptor x2 (Chrono Boost)  
  194  11:01  Disruptor (Chrono Boost)  
  194  11:02  Stargate  
  197  11:06  Photon Cannon  
  197  11:09  Photon Cannon  
  197  11:12  Disruptor  
  197  11:13  Dark Shrine  
  200  11:25  Disruptor  
  197  11:30  Zealot x7  
  181  11:37  Zealot x4  
  129  11:51  Zealot x4  
  129  11:52  Zealot x3  
Tags
 
Add a new tag
Caveats
  • Supply blocks, unpowered buildings, or Contaminate may cause inaccurate times.
  • Supply counts are checked every 10 seconds.